 Dungeon Crawl Stone Soup version 0.26-a0-660-gc07710193c (webtiles) character file.

Game seed: 14242518411620237109

1878 marklar909 the Digger (level 9, -12/59 HPs)
             Began as a Formicid Earth Elementalist on Oct 8, 2020.
             Was a Believer of Fedhas.
             Mangled by an orc warrior
             ... wielding a +0 dire flail
              (22 damage)
             ... on level 6 of the Dungeon.
             The game lasted 00:23:46 (11446 turns).

marklar909 the Digger (FoEE)                       Turns: 11446, Time: 00:23:46

Health: -12/59     AC:  4    Str: 14    XL:     9   Next: 36%
Magic:  0/19       EV: 13    Int: 23    God:    Fedhas [**....]
Gold:   425        SH:  0    Dex: 11    Spells: 3/21 levels left

rFire    + + .     SeeInvis +   y - +0 scythe
rCold    + . .     Faith    .   (no shield)
rNeg     . . .     Spirit   +   C - +2 robe {rC+ rF+}
rPois    .         Reflect  .   (helmet unavailable)
rElec    .         Harm     .   (no cloak)
rCorr    .         Rampage  .   (no gloves)
MR       +....                  (no boots)
Stlth    ++........             o - amulet of guardian spirit
HPRegen  0.19/turn              n - ring of protection from fire
MPRegen  0.16/turn              x - ring of the Jester {+Blink MR+ Int+6}

@: no status effects
A: permanent stasis, dig shafts and tunnels, four strong arms, antennae 3
a: Dig, Shaft Self, Wall of Briars, Renounce Religion


You were on level 6 of the Dungeon.
You worshipped Fedhas.
Fedhas was pleased with you.
You visited 1 branch of the dungeon, and saw 7 of its levels.

You collected 425 gold pieces.

Inventory:

Hand Weapons
 y - a +0 scythe (weapon)
Missiles
 b - 88 stones (quivered)
 r - 43 poisoned darts
 s - 41 bolts
Armour
 q - a +0 kite shield
 C - a +2 robe of resistance (worn)
Jewellery
 c - an uncursed ring of fire {unknown}
 n - a ring of protection from fire (left hand)
 o - an amulet of guardian spirit (around neck)
 x - the ring of the Jester (right hand) {+Blink MR+ Int+6}
   (You found it on level 4 of the Dungeon)

   [ring of intelligence]

   It affects your intelligence (+6).
   It affects your resistance to hostile enchantments.
   It lets you blink.
 A - an uncursed amulet of faith
Wands
 d - a wand of random effects (15)
 w - a wand of digging (2)
 B - a wand of flame (11)
Scrolls
 a - 3 scrolls of enchant armour
 e - a scroll of random uselessness {unknown}
 f - 2 scrolls of identify
 i - 7 scrolls of remove curse
 u - a scroll of magic mapping {unknown}
 v - a scroll of amnesia
Potions
 g - a potion of flight
 j - 4 potions of might
 k - a potion of resistance {unknown}
 m - a potion of haste
 p - a potion of berserk rage {unknown}
 t - a potion of curing
 z - a potion of brilliance {unknown}


   Skills:
 + Level 1.2 Fighting
 + Level 1.7 Polearms
 * Level 3.8 Armour
 + Level 2.9 Dodging
 + Level 3.2 Stealth
 * Level 2.2 Shields
 + Level 1.0 Unarmed Combat
 + Level 6.8 Spellcasting
 + Level 3.3 Conjurations
 * Level 2.5 Transmutations
 * Level 0.9 Fire Magic
 + Level 7.6 Earth Magic


You had 3 spell levels left.
You knew the following spells:

 Your Spells              Type           Power        Failure   Level
a - Sandblast             Erth           #####.       1%          1
b - Stone Arrow           Conj/Erth      ####..       2%          3
c - Lee's Rapid Deconstr  Erth           #####.....   10%         5
d - Petrify               Tmut/Erth      ####....     10%         4
e - Bolt of Magma         Conj/Fire/Erth ####......   38%         5

Your spell library contained the following spells:

 Spells                   Type           Power        Failure   Level
 Magic Dart               Conj           ###.         1%          1
 Passwall                 Tmut/Erth      ####....     1%          2
 Summon Small Mammal      Summ           #...         8%          1
 Conjure Flame            Conj/Fire      ###.....     10%         3
 Call Imp                 Summ           #.......     12%         2
 Slow                     Hex            #.......     12%         2
 Mephitic Cloud           Conj/Pois/Air  ##......     14%         3
 Call Canine Familiar     Summ           #.......     24%         3
 Summon Guardian Golem    Hex/Summ       #.......     24%         3
 Iskenderun's Battlesphe  Conj           ###.....     47%         5
 Summon Ice Beast         Ice/Summ       #.......     61%         4
 Summon Lightning Spire   Summ/Air       #.......     61%         4
 Iron Shot                Conj/Erth      ####......   77%         6
 Orb of Destruction       Conj           ###.......   100%        7
 Spellforged Servitor     Conj/Summ      ###.......   100%        7
 Blink                    Tloc           Unusable     N/A         2

Dungeon Overview and Level Annotations

Branches:
Dungeon (7/15)             Temple (0/1) D:7

Altars:
Ashenzari
Dithmenos
Fedhas
Kikubaaqudgha
Makhleb
Trog
The Shining One


Innate Abilities, Weirdness & Mutations

You cannot be hasted, slowed, berserked, paralysed or teleported.
You can dig through walls and to a lower floor.
Your four strong arms can wield two-handed weapons with a shield.
You have a pair of large antennae on your head. (SInv)


Message History

Confirm with . or Enter, or press ? or * to list all spells.
Aiming: Stone Arrow (dangerous; 2% risk of failure)
Press: ? - help, Shift-Dir - straight line, f/p - orc warrior
Aim: an orc warrior, wielding a +0 dire flail and wearing a +0 plate armour (severely wounded)
The stone arrow misses the orc warrior.
The orc warrior hits you with a +0 dire flail!
Unknown command.
Unknown command.
You closely miss the orc warrior.
The orc warrior is severely wounded.
The orc warrior hits you with a +0 dire flail!
* * * LOW HITPOINT WARNING * * *
The orc warrior hits you with a +0 dire flail.
* * * LOW HITPOINT WARNING * * *
You hit the orc warrior.
The orc warrior is almost dead.
The orc warrior misses you.
The orc warrior hits you with a +0 dire flail!!
You die...
Fedhas appreciates your contribution to the ecosystem.

#.##..#.########.#####.# #.#
#.##..#.# #.# #.# #.# #.##..#.#
#.# #.# #.# ####.##..#.### #.#
#.# #.# #....##..)...# #.# #.#
#.# #.##.##......# #.# #.#####.#
.....##......# #.# #.....#.#
..≈..≈[.[....######.# #####.#.#
.≈≈≈..##.#.....o@...# #.#.#
≈.≈....#[#..######### #.#.#
.....#.#.#.......# #.#..
..##.#..<#...###.############.###
#.##.###.#.....#...........##.#
#.##.# #.#.....###########.##.#
#.##.# #.#.....# #.##.#
#.##.###.#.....# #.##.#
#........#.....# #.##.#


You could see an orc warrior.

Vanquished Creatures
  Grinder (D:3)
  Sigmund (D:2)
  A sky beast (D:5)
  An ice beast (D:5)
  A phantom (D:6)
  2 ogres
  2 lemures (D:6)
  2 bullfrogs (D:6)
  4 wights
  2 bullfrog zombies
  A centaur skeleton (D:5)
  2 hounds
  7 orc wizards
  An orc priest (D:5)
  A gnoll shaman (D:6)
  Ijyb (D:4)
  Terence (D:3)
  An iguana (D:4)
  Natasha (thrice) (D:3)
  A hound zombie (D:7)
  3 gnolls (D:7)
  3 adders
  A shadow imp (D:4)
  2 white imps
  An ufetubus (D:6)
  4 worms
  3 dart slugs
  5 leopard geckos
  19 orcs
  3 ball pythons
  7 giant cockroaches
  13 goblins
  7 hobgoblins
  12 jackals
  6 kobolds
  6 quokkas
  6 bats
  4 frilled lizards
  2 goblin skeletons (D:4)
  2 goblin zombies (D:4)
  4 hobgoblin zombies (D:4)
  2 kobold zombies (D:4)
  An orc skeleton (D:4)
  A quokka zombie (D:7)
  10 rats
163 creatures vanquished.

Vanquished Creatures (others)
  5 toadstools (D:6)
5 creatures vanquished.

Grand Total: 168 creatures vanquished

Notes
Turn   | Place    | Note
-------+----------+-------------------------------------------
     0 | D:1      | marklar909 the Formicid Earth Elementalist began the quest
                  | for the Orb.
     0 | D:1      | Reached XP level 1. HP: 13/13 MP: 3/3
    84 | D:1      | Reached skill level 4 in Earth Magic
   348 | D:1      | Reached XP level 2. HP: 19/19 MP: 3/5
   678 | D:1      | Reached XP level 3. HP: 17/24 MP: 4/6
  2237 | D:2      | Learned a level 3 spell: Stone Arrow
  2324 | D:2      | Reached XP level 4. HP: 30/30 MP: 8/8
  2758 | D:2      | Noticed Sigmund
  3377 | D:3      | Noticed Natasha
  3384 | D:3      | Killed Natasha
  3384 | D:3      | Reached skill level 1 in Armour
  3384 | D:3      | Reached XP level 5. HP: 23/36 MP: 4/9
  3643 | D:3      | Noticed Natasha
  3654 | D:3      | Killed Natasha
  3654 | D:3      | Reached skill level 5 in Earth Magic
  3812 | D:3      | Found a burning altar of Makhleb.
  3814 | D:3      | Noticed Grinder
  3834 | D:3      | Killed Grinder
  3834 | D:3      | Reached skill level 1 in Conjurations
  3834 | D:3      | Reached XP level 6. HP: 15/42 MP: 2/12
  3962 | D:3      | Noticed Natasha
  3967 | D:3      | Killed Natasha
  4061 | D:3      | Noticed Terence
  4186 | D:3      | Reached XP level 7. HP: 19/47 MP: 8/13
  4341 | D:3      | Killed Terence
  4830 | D:3      | Found a blossoming altar of Fedhas.
  4831 | D:3      | Found an ancient bone altar of Kikubaaqudgha.
  4994 | D:3      | Became a worshipper of Fedhas Madash
  5036 | D:4      | Noticed Ijyb
  5059 | D:4      | Killed Ijyb
  5436 | D:4      | Reached skill level 6 in Earth Magic
  5601 | D:4      | Reached skill level 1 in Unarmed Combat
  5601 | D:4      | Reached skill level 5 in Spellcasting
  5946 | D:4      | Found a glowing golden altar of the Shining One.
  6028 | D:4      | Found a shadowy altar of Dithmenos.
  6309 | D:4      | Got a sparkling granite ring
  6655 | D:2      | Killed Sigmund
  6655 | D:2      | Reached * piety under Fedhas
  6655 | D:2      | Reached XP level 8. HP: 37/53 MP: 0/15
  6816 | D:5      | Entered Level 5 of the Dungeon
  7429 | D:5      | Reached skill level 7 in Earth Magic
  7609 | D:5      | Reached skill level 1 in Fighting
  7899 | D:5      | Reached skill level 1 in Polearms
  7937 | D:5      | Reached skill level 1 in Shields
  7948 | D:5      | Learned a level 5 spell: Lee's Rapid Deconstruction
  7953 | D:5      | Learned a level 4 spell: Petrify
  8375 | D:5      | Reached XP level 9. HP: 59/59 MP: 15/18
  9001 | D:4      | Identified the ring of the Jester {+Blink MR+ Int+6} (You
                  | found it on level 4 of the Dungeon)
  9247 | D:6      | Found a broken altar of Ashenzari.
  9430 | D:6      | Reached ** piety under Fedhas
  9991 | D:6      | Found a bloodstained altar of Trog.
 10673 | D:6      | Learned a level 5 spell: Bolt of Magma
 10854 | D:7      | Found a staircase to the Ecumenical Temple.
 11446 | D:6      | Mangled by an orc warrior

Illustrated notes

Levels and vault maps discovered:
D:1:      heliophobic_arrival_dark_side_of_the_moon, layout_basic,
          minmay_quantized
D:2:      layout_basic, uniq_sigmund
D:3:      layout_basic, grunt_temple_overflow_growth_and_decay, bloody_makhleb,
          uniq_terence, uniq_natasha, uniq_grinder
D:4:      layout_basic, nicolae_dithmenos_shadow_blocks,
          nicolae_tso_besieged_by_evil, uniq_ijyb
D:5:      layout_cave_pods
D:6:      layout_basic, bloody_trog, cheibrodos_ashenzari_chains, serial_rivers,
          chequers_serial_rivers_marsh, chequers_serial_rivers_micro_a,
          chequers_serial_rivers_micro_a, chequers_serial_rivers_small_3,
          chequers_serial_rivers_micro_c, minmay_gold_behind_fungi,
          dk_vineyard_1, eino_small_chamber_without_monster
D:7:      layout_cave_pools, fiery_altar_vehumet, old_standard_altar,
          temple_fountains, minmay_stone_trees_medium, chequers_mini_garden,
          uniq_pikel

Skill      XL: |  1  2  3  4  5  6  7  8  9 |
---------------+----------------------------+-----
Earth Magic    | 4 5 6 7 |  7.6
Dodging        | 2 |  2.9
Spellcasting   | 3 4 5 6 |  6.8
Armour         | 1 2 3 |  3.8
Conjurations   | 1 2 3 |  3.3
Stealth        | 3 |  3.2
Unarmed Combat | 1 |  1.0
Fighting       | 1 |  1.2
Polearms       | 1 |  1.7
Shields        | 1 2 |  2.2
Transmutations | 2 |  2.5
Fire Magic     | |  0.9

Action                   |  1- 3 |  4- 6 |  7- 9 || total
-------------------------+-------+-------+-------++-------
Melee: Unarmed           |    35 |       |    12 ||    47
       Spear             |    58 |    46 |    16 ||   120
       Scythe            |       |       |    79 ||    79
 Cast: Sandblast         |    35 |    66 |    33 ||   134
       Stone Arrow       |       |     4 |   129 ||   133
 Abil: Dig               |     7 |       |     2 ||     9
  Use: Potion            |       |     2 |     6 ||     8
       Scroll            |       |       |    11 ||    11
 Stab: Sleeping          |     3 |     1 |     2 ||     6
Armor: Robe              |    11 |    10 |    54 ||    75
Dodge: Dodged            |    65 |    66 |   191 ||   322

Table legend: (Time is in decaauts)
 A = Elapsed time spent in this place.
 B = Non-inter-level travel time spent in this place.
 C = Inter-level travel time spent in this place.
 D = Time resting spent in this place.
 E = Time spent auto-exploring this place.
 F = Levels seen in this place.
 G = Mean time per level.
                   A        B        C        D        E       F      G
               +--------+--------+--------+--------+--------+-----+--------+
         Total |  11568 |  10504 |   1064 |   2201 |   6122 |   7 | 1652.6 |
       Dungeon |  11568 |  10504 |   1064 |   2201 |   6122 |   7 | 1652.6 |
               +--------+--------+--------+--------+--------+-----+--------+

Top non-repeatable levels by time:
     D:3: 2245 daAuts
     D:1: 2184 daAuts
     D:6: 2119 daAuts
     D:4: 1975 daAuts
     D:5: 1747 daAuts
     D:2: 1147 daAuts
     D:7: 148 daAuts
